 Dungeon Sprint DCSS version 0.23.0 (webtiles) character file.

Game seed: 4525524112238522143

20600000 Fang the Conqueror (level 27, 0/249 HPs)
             Began as a Demonspawn Gladiator on Feb 11, 2019.
             Was the Champion of Makhleb.
             Slain by a bag of meat
             ... wielding a +9 war axe
              (8 damage)
             ... in the Dungeon (Sprint VIII: "Arena of Blood").
             The game lasted 00:03:07 (206 turns).

Fang the Conqueror (Demonspawn Gladiator)            Turns: 206, Time: 00:03:07

Health: 0/249      AC: 12    Str: 24    XL:     27
Magic:  54/54      EV: 32    Int: 11    God:    Makhleb [******]
Gold:   0          SH:  0    Dex: 17    Spells: 80/80 levels left

rFire    + + .     SeeInvis +   l - +∞ Axe of Woe
rCold    . . .     Gourm    .   (shield currently unavailable)
rNeg     + . .     Faith    .   b - +0 leather armour
rPois    .         Spirit   .   c - +0 helmet
rElec    .         Reflect  .   (no cloak)
rCorr    .         Harm     .   (no gloves)
MR       ++...     NoTele   +   (boots unavailable)
Stlth    +++.......             (no amulet)
HPRegen  0.51/turn              m - ring of see invisible
MPRegen  0.34/turn              (no ring)

@: no status effects
A: hooves 3, molten scales 3, fire resistance 1, ignite blood, negative energy
resistance 1, spiny 3, 50% torment resistance, black mark, flame cloud immunity
0: Orb of Zot
a: Minor Destruction, Lesser Servant of Makhleb, Major Destruction, Greater
Servant of Makhleb, Renounce Religion


You were in the Dungeon.
You worshipped Makhleb.
Makhleb was exalted by your worship.
You were not hungry.

You visited 1 branch

Inventory:

Hand Weapons
 a - a +0 war axe
 l - the +∞ Axe of Woe (weapon)
   (You found it in the Dungeon)
Missiles
 d - 3 throwing nets (quivered)
Armour
 b - a +0 leather armour (worn)
 c - a +0 helmet (worn)
Jewellery
 m - a ring of see invisible (left hand)
 n - a +30 ring of slaying
 o - a +30 ring of slaying
 p - a +30 ring of slaying
Scrolls
 k - a scroll of blinking
Potions
 e - a potion of curing
 g - a potion of heal wounds
 h - a potion of haste
 i - 2 potions of magic
 j - a potion of berserk rage
Comestibles
 f - a ration


   Skills:
 O Level 27 Fighting
 O Level 27 Axes
 O Level 27 Throwing
 O Level 27 Armour
 O Level 27 Dodging
 O Level 27 Stealth
 O Level 27 Shields
 O Level 27 Unarmed Combat
 O Level 27 Spellcasting
 O Level 27 Invocations


You had 80 spell levels left.
You didn't know any spells.
Your spell library was empty.

Dungeon Overview and Level Annotations

Branches:
Dungeon (1/1)

Altars:
Makhleb


Innate Abilities, Weirdness & Mutations

You have hooves in place of feet.
You are completely covered in molten scales. (AC +4, rF+)
Your flesh is heat resistant. (rF+)
Your demonic aura causes spilled blood to erupt in flames.
You resist negative energy. (rN+)
You are completely covered in sharp spines.
You are somewhat able to resist unholy torments (1 in 2 success).
Your melee attacks may debilitate your foes.
You are immune to clouds of flame.


Message History

The ball lightning completely resists.
The blast of lightning engulfs the bag of meat! x2
You hear a shout! x2
A bag of meat comes into view. It is wielding a +9 war axe.
You hear a shout!
The bag of meat completely misses you.
The ball lightning explodes!
The blast of lightning engulfs the bag of meat!
The blast of lightning engulfs you.
* * * LOW HITPOINT WARNING * * *
The blast of lightning engulfs the large bag of meat!
The blast of lightning engulfs the bag of meat.
The blast of lightning engulfs the bag of meat! x3
You hear a shout!
You hear a shout! x2
A meat berserker comes into view. It is wielding a +9 battleaxe.
You hear a shout!
The bag of meat is struck by your spines.
The bag of meat hits you with a +9 war axe!
You die...

###..)#...............))
#...).)#.............).)
........○.................
...#.....○)...............
....#...°☼...#.......#....
.......#..)..#.......#....
....#......###.......###..
.......Oo....o..###)......
......#@o.....)_).)))..%
....#VoO....#...).#%....
##...ooo....#_.<)_#.))..
...o#oo.....#.))..#.)).)
......#........_....))).
.. ...........###..).)). .
.......###......)###))
......... #O......#..o.
#.......#....


You could see a destroyer, a large bag of meat (inner flame), 2 meat berserkers
and 10 bags of meat.

Vanquished Creatures
  Dispater (D)
  126 orcs (D)
  A ball lightning (D)
  3 vampire knights (D)
  21 ogres (D)
  5 two-headed ogres (D)
157 creatures vanquished.

Vanquished Creatures (others)
  7 ball lightnings (D)
7 creatures vanquished.

Grand Total: 164 creatures vanquished

Notes
Turn   | Place    | Note
-------+----------+-------------------------------------------
     0 | D        | Found the +∞ Axe of Woe
     0 | D        | Fang the Demonspawn Gladiator began the quest for the Orb.
     0 | D        | Reached XP level 1. HP: 16/16 MP: 1/1
     2 | D        | Noticed a bag of meat
     4 | D        | Became a worshipper of Makhleb the Destroyer
     4 | D        | Noticed a bag of meat
     6 | D        | Noticed a bag of meat
     6 | D        | Noticed a bag of meat
     8 | D        | Noticed a bag of meat
     9 | D        | Noticed a meat berserker
     9 | D        | Noticed a bag of meat
    11 | D        | Killed a bag of meat
    11 | D        | Gained mutation: Your flesh is heat resistant. (rF+)
                  | [demonic ancestry]
    11 | D        | Reached XP level 2. HP: 43/43 MP: 2/2
    11 | D        | Gained mutation: You have large cloven feet. [demonic
                  | ancestry]
    11 | D        | Reached XP level 3. HP: 49/49 MP: 3/3
    11 | D        | Reached XP level 4. HP: 56/56 MP: 4/4
    11 | D        | Gained mutation: You are partially covered in molten
                  | scales. (AC +2) [demonic ancestry]
    11 | D        | Reached XP level 5. HP: 62/62 MP: 5/5
    11 | D        | Gained mutation: You are mostly covered in molten scales.
                  | (AC +3) [demonic ancestry]
    11 | D        | Reached XP level 6. HP: 69/69 MP: 6/6
    11 | D        | Reached XP level 7. HP: 75/75 MP: 7/7
    11 | D        | Gained mutation: You have hoof-like feet. [demonic
                  | ancestry]
    11 | D        | Reached XP level 8. HP: 82/82 MP: 8/8
    11 | D        | Gained mutation: You are immune to clouds of flame.
                  | [demonic ancestry]
    11 | D        | Reached XP level 9. HP: 88/88 MP: 9/9
    11 | D        | Reached XP level 10. HP: 95/95 MP: 10/10
    11 | D        | Reached XP level 11. HP: 101/101 MP: 11/11
    12 | D        | Killed a bag of meat
    12 | D        | Reached * piety under Makhleb
    12 | D        | Reached skill level 15 in Axes
    12 | D        | Reached skill level 15 in Throwing
    12 | D        | Reached skill level 15 in Dodging
    12 | D        | Reached XP level 12. HP: 88/113 MP: 12/12
    12 | D        | Killed a bag of meat
    12 | D        | Gained mutation: Your demonic aura causes spilled blood to
                  | erupt in flames. [demonic ancestry]
    12 | D        | Reached XP level 13. HP: 95/122 MP: 13/13
    12 | D        | Noticed a meat berserker
    12 | D        | Noticed a bag of meat
    14 | D        | Killed a bag of meat
    14 | D        | Gained mutation: You are partially covered in sharp spines.
                  | [demonic ancestry]
    14 | D        | Reached XP level 14. HP: 105/133 MP: 14/14
    14 | D        | Killed a meat berserker
    14 | D        | Reached ** piety under Makhleb
    14 | D        | Reached XP level 15. HP: 114/144 MP: 15/15
    17 | D        | Killed a meat berserker
    17 | D        | Gained mutation: You are mostly covered in sharp spines.
                  | [demonic ancestry]
    17 | D        | Reached XP level 16. HP: 157/157 MP: 16/16
    17 | D        | Noticed a large bag of meat
    18 | D        | Reached *** piety under Makhleb
    20 | D        | Gained mutation: You are completely covered in sharp
                  | spines. [demonic ancestry]
    20 | D        | Reached XP level 17. HP: 169/169 MP: 17/17
    20 | D        | Reached **** piety under Makhleb
    22 | D        | Reached skill level 27 in Fighting
    23 | D        | Gained mutation: You have hooves in place of feet. [demonic
                  | ancestry]
    23 | D        | Reached XP level 18. HP: 182/182 MP: 18/18
    24 | D        | Noticed a meat berserker
    27 | D        | Killed a large bag of meat
    27 | D        | Reached ***** piety under Makhleb
    27 | D        | Reached skill level 27 in Axes
    27 | D        | Reached skill level 27 in Throwing
    27 | D        | Reached skill level 27 in Dodging
    29 | D        | Killed a meat berserker
    29 | D        | Reached XP level 19. HP: 162/189 MP: 18/35
    30 | D        | Noticed a meat berserker
    33 | D        | Killed a meat berserker
    33 | D        | Reached skill level 15 in Armour
    33 | D        | Reached skill level 15 in Unarmed Combat
    33 | D        | Reached skill level 15 in Spellcasting
    36 | D        | Gained mutation: You are completely covered in molten
                  | scales. (AC +4, rF+) [demonic ancestry]
    36 | D        | Reached XP level 20. HP: 197/197 MP: 19/41
    37 | D        | Reached ****** piety under Makhleb
    38 | D        | Noticed a meat berserker
    40 | D        | Reached skill level 27 in Invocations
    40 | D        | Noticed a destroyer
    41 | D        | Reached XP level 21. HP: 204/204 MP: 20/46
    44 | D        | Reached skill level 27 in Stealth
    44 | D        | Reached XP level 22. HP: 212/212 MP: 21/51
    47 | D        | Killed a destroyer
    47 | D        | Reached skill level 27 in Armour
    47 | D        | Reached skill level 27 in Unarmed Combat
    47 | D        | Reached skill level 27 in Spellcasting
    48 | D        | Gained mutation: You resist negative energy. (rN+) [demonic
                  | ancestry]
    48 | D        | Reached XP level 23. HP: 219/219 MP: 22/54
    54 | D        | Gained mutation: You are somewhat able to resist unholy
                  | torments (1 in 2 success). [demonic ancestry]
    54 | D        | Reached XP level 24. HP: 227/227 MP: 24/54
    61 | D        | Reached XP level 25. HP: 234/234 MP: 26/54
    66 | D        | Noticed a large bag of meat
    68 | D        | Noticed a destroyer
    70 | D        | Gained mutation: Your melee attacks may debilitate your
                  | foes. [demonic ancestry]
    70 | D        | Reached XP level 26. HP: 242/242 MP: 28/54
    70 | D        | Noticed a large bag of meat
    72 | D        | Killed a destroyer
    75 | D        | Reached XP level 27. HP: 249/249 MP: 29/54
    78 | D        | Killed a large bag of meat
    83 | D        | Killed a large bag of meat
   141 | D        | Noticed a large bag of meat
   148 | D        | Killed a large bag of meat
   149 | D        | Noticed a destroyer
   152 | D        | Killed a destroyer
   180 | D        | Reached skill level 27 in Shields
   186 | D        | Noticed a large bag of meat
   190 | D        | Killed a large bag of meat
   191 | D        | Noticed The Meatlord
   198 | D        | Noticed a destroyer
   201 | D        | Noticed a large bag of meat
   204 | D        | Killed The Meatlord
   205 | D        | Got the Orb of Zot
   205 | D        | HP: 7/249 [ball lightning[The Meatlord] (6)]
   206 | D        | Slain by a bag of meat

Skill      XL: |  1  2  3  4  5  6  7  8  9 10 11 12 13 14 15 16 17 18 19 20 21 22 23 24 25 26 27 |
---------------+----------------------------------------------------------------------------------+-----
Fighting       | 14 16 18 19 21 23 25 27 | 27.0
Axes           | 13 15 17 18 19 22 23 26 27 | 27.0
Throwing       | 13 15 16 18 19 21 23 26 27 | 27.0
Dodging        | 13 15 17 18 19 22 23 26 27 | 27.0
Armour         | 12 17 21 25 27 | 27.0
Stealth        | 12 18 22 27 | 27.0
Unarmed Combat | 12 17 21 25 27 | 27.0
Spellcasting   | 12 17 21 25 27 | 27.0
Invocations    | 16 22 27 | 27.0
Shields        | 27 | 27.0

Action                   |  1- 3 |  4- 6 |  7- 9 | 10-12 | 13-15 | 16-18 | 19-21 | 22-24 | 25-27 || total
-------------------------+-------+-------+-------+-------+-------+-------+-------+-------+-------++-------
Melee: Executioner's axe |     1 |       |       |     1 |     3 |     8 |    11 |    12 |    63 ||    99
Dodge: Dodged            |       |       |       |       |       |     2 |     1 |       |     8 ||    11
